| TOP OF THE 1ST |
|
Detroit Red Wings batting - Pitching for Brockton Rox : RHP Chris Zubia
|
|
Pitching: RHP Chris Zubia
|
|
|
Batting: LHB Duda Pinho
|
0-0: Swinging Strike 0-1: Foul Ball, location: 2F 0-2: Ball 1-2: Ground out 4-3 (Groundball, 34D, EV 95.6 MPH)
|
|
Batting: RHB Felipe Torres
|
0-0: Swinging Strike 0-1: Ground out 5-3 (Groundball, 56S, EV 86.2 MPH)
|
|
Batting: RHB Carlos Avila
|
0-0: Called Strike 0-1: Swinging Strike 0-2: Strikes out swinging
|
| Top of the 1st over - 0 runs, 0 hits, 0 errors, 0 left on base; Detroit 0 - Brockton 0 |
| BOTTOM OF THE 1ST |
|
Brockton Rox batting - Pitching for Detroit Red Wings : LHP Ricky Herrera
|
|
Pitching: LHP Ricky Herrera
|
|
|
Batting: LHB Darby Starburster
|
0-0: Ball 1-0: Foul Ball, location: 2F 1-1: Foul Ball, location: 2F 1-2: Fly out, F7 (Flyball, 7, EV 86.9 MPH)
|
|
Batting: RHB Jose Blocker
|
0-0: Ball 1-0: Swinging Strike 1-1: Called Strike 1-2: Strikes out swinging
|
|
Batting: RHB Matt Walker
|
0-0: Ball 1-0: Ball 2-0: Swinging Strike 2-1: Called Strike 2-2: Foul Ball, location: 2F 2-2: Ground out 6-3 (Groundball, 56, EV 81.2 MPH)
|
| Bottom of the 1st over - 0 runs, 0 hits, 0 errors, 0 left on base; Detroit 0 - Brockton 0 |
| TOP OF THE 2ND |
|
Detroit Red Wings batting - Pitching for Brockton Rox : RHP Chris Zubia
|
|
Batting: RHB Mike Dyck
|
0-0: Ball 1-0: Ball 2-0: Called Strike 2-1: Ball 3-1: Swinging Strike 3-2: Foul Ball, location: 2F 3-2: Base on Balls
|
|
Batting: RHB Tim Spence
|
0-0: SINGLE (Groundball, 56S, EV 65.6 MPH) (infield hit) Mike Dyck to second
|
|
Batting: LHB Manny Rangel
|
0-0: Ball 1-0: Ball 2-0: Called Strike 2-1: Fielders Choice at 2nd, U6 (Groundball, P, EV 91.2 MPH) Mike Dyck to third
|
|
Batting: RHB Ian Johnson
|
0-0: Fly out, F8 (Flyball, 78D, EV 95.6 MPH) Runner from 3rd tags up, SCORES, throw by CF
|
|
Batting: RHB Mark Massey
|
0-0: Swinging Strike 0-1: 2-RUN HOME RUN (Flyball, 7D, EV 96.9 MPH), Distance : 374 ft
|
|
Batting: RHB Alejandro Tovar
|
0-0: Ball 1-0: Fly out, F8 (Flyball, 89M, EV 81.9 MPH)
|
| Top of the 2nd over - 3 runs, 2 hits, 0 errors, 0 left on base; Detroit 3 - Brockton 0 |
| BOTTOM OF THE 2ND |
|
Brockton Rox batting - Pitching for Detroit Red Wings : LHP Ricky Herrera
|
|
Batting: LHB Isaiah Spitzbarth
|
0-0: Ground out 4-3 (Groundball, 34, EV 87.5 MPH)
|
|
Batting: SHB Mel Gonzalez
|
0-0: Ball 1-0: Ball 2-0: SINGLE (Groundball, 6S, EV 63.1 MPH) (infield hit)
|
|
Batting: LHB Joe Martens
|
0-0: Ball 1-0: SINGLE (Flyball, 5D, EV 93.8 MPH) Mel Gonzalez to second
|
|
Batting: SHB Zach Clark
|
0-0: Ball 1-0: Swinging Strike 1-1: Ball 2-1: Swinging Strike 2-2: Foul Ball, location: 2F 2-2: Foul Ball, location: 2F 2-2: Strikes out swinging
|
|
Batting: RHB Chris Zubia
|
0-0: Called Strike 0-1: Swinging Strike 0-2: Strikes out swinging, 2-3 out at first.
|
| Bottom of the 2nd over - 0 runs, 2 hits, 0 errors, 2 left on base; Detroit 3 - Brockton 0 |
| TOP OF THE 3RD |
|
Detroit Red Wings batting - Pitching for Brockton Rox : RHP Chris Zubia
|
|
Batting: LHB Duda Pinho
|
0-0: Called Strike 0-1: Foul Ball, location: 2F 0-2: Strikes out swinging
|
|
Batting: RHB Felipe Torres
|
0-0: Ball 1-0: Ball 2-0: Swinging Strike 2-1: Foul Ball, location: 2F 2-2: Foul Ball, location: 2F 2-2: Ball 3-2: Ground out 6-3 (Groundball, 6, EV 78.1 MPH)
|
|
Batting: RHB Carlos Avila
|
0-0: Ball 1-0: Ball 2-0: Reached on error, E5 (Groundball, 5, EV 81.9 MPH)
|
|
Batting: RHB Mike Dyck
|
0-0: Ball 1-0: 2-RUN HOME RUN (Flyball, 78XD, EV 105.0 MPH), Distance : 443 ft
|
|
Batting: RHB Tim Spence
|
0-0: Called Strike 0-1: Foul Ball, location: 2F 0-2: Ground out 5-3 (Groundball, 56S, EV 70.6 MPH)
|
| Top of the 3rd over - 2 runs, 1 hit, 1 error, 0 left on base; Detroit 5 - Brockton 0 |
| BOTTOM OF THE 3RD |
|
Brockton Rox batting - Pitching for Detroit Red Wings : LHP Ricky Herrera
|
|
Batting: LHB Alexis Toxqui
|
0-0: Ball 1-0: Swinging Strike 1-1: Ball 2-1: Swinging Strike 2-2: Foul Ball, location: 2F 2-2: Strikes out swinging
|
|
Batting: LHB Darby Starburster
|
0-0: Foul Ball, location: 2F 0-1: Swinging Strike 0-2: Strikes out swinging
|
|
Batting: RHB Jose Blocker
|
0-0: Called Strike 0-1: Called Strike 0-2: Ball 1-2: Strikes out swinging
|
| Bottom of the 3rd over - 0 runs, 0 hits, 0 errors, 0 left on base; Detroit 5 - Brockton 0 |
| TOP OF THE 4TH |
|
Detroit Red Wings batting - Pitching for Brockton Rox : RHP Chris Zubia
|
|
Batting: LHB Manny Rangel
|
0-0: Fly out, F9 (Flyball, 9D, EV 100.0 MPH)
|
|
Batting: RHB Ian Johnson
|
0-0: Called Strike 0-1: Foul Ball, location: 2F 0-2: Strikes out swinging
|
|
Batting: RHB Mark Massey
|
0-0: Called Strike 0-1: Called Strike 0-2: Strikes out swinging
|
| Top of the 4th over - 0 runs, 0 hits, 0 errors, 0 left on base; Detroit 5 - Brockton 0 |
| BOTTOM OF THE 4TH |
|
Brockton Rox batting - Pitching for Detroit Red Wings : LHP Ricky Herrera
|
|
Batting: RHB Matt Walker
|
0-0: Called Strike 0-1: Called Strike 0-2: Strikes out swinging
|
|
Batting: LHB Isaiah Spitzbarth
|
0-0: Fly out, F8 (Flyball, 8RS, EV 86.2 MPH)
|
|
Batting: SHB Mel Gonzalez
|
0-0: Ball 1-0: Called Strike 1-1: SINGLE (Groundball, 56D, EV 104.4 MPH)
|
|
Batting: LHB Joe Martens
|
0-0: Ball 1-0: DOUBLE (Line Drive, 78XD, EV 107.5 MPH) Mel Gonzalez to third
|
|
Batting: SHB Zach Clark
|
0-0: Ball 1-0: Fly out, F8 (Flyball, 78XD, EV 92.5 MPH)
|
| Bottom of the 4th over - 0 runs, 2 hits, 0 errors, 2 left on base; Detroit 5 - Brockton 0 |
| TOP OF THE 5TH |
|
Detroit Red Wings batting - Pitching for Brockton Rox : RHP Chris Zubia
|
|
Batting: RHB Alejandro Tovar
|
0-0: Ball 1-0: Foul Ball, location: 2F 1-1: Ball 2-1: Ball 3-1: Called Strike 3-2: Fly out, F8 (Flyball, 8RD, EV 81.2 MPH)
|
|
Batting: LHB Duda Pinho
|
0-0: Called Strike 0-1: Ball 1-1: Ball 2-1: Foul Ball, location: 2F 2-2: Strikes out swinging
|
|
Batting: RHB Felipe Torres
|
0-0: Called Strike 0-1: Swinging Strike 0-2: Ball 1-2: Ball 2-2: Strikes out swinging
|
| Top of the 5th over - 0 runs, 0 hits, 0 errors, 0 left on base; Detroit 5 - Brockton 0 |
| BOTTOM OF THE 5TH |
|
Brockton Rox batting - Pitching for Detroit Red Wings : LHP Ricky Herrera
|
|
Batting: RHB Chris Zubia
|
0-0: Called Strike 0-1: Ball 1-1: Ball 2-1: Foul Ball, location: 2F 2-2: Ball 3-2: Base on Balls
|
|
Batting: LHB Alexis Toxqui
|
0-0: Called Strike 0-1: Fielders Choice at 2nd, 4-6 (Groundball, 4, EV 96.2 MPH)
|
|
Batting: LHB Darby Starburster
|
0-0: Fly out, F8 (Flyball, 8LS, EV 91.2 MPH)
|
|
Batting: RHB Jose Blocker
|
0-0: Called Strike 0-1: Swinging Strike 0-2: Foul Ball, location: 2F 0-2: Foul Ball, location: 2F 0-2: Ball 1-2: SINGLE (Groundball, 6MD, EV 101.9 MPH) Alexis Toxqui to second
|
|
Batting: RHB Matt Walker
|
0-0: Ball 1-0: Ball 2-0: Called Strike 2-1: Ball 3-1: Base on Balls Alexis Toxqui to third Jose Blocker to second
|
|
Batting: LHB Isaiah Spitzbarth
|
0-0: Called Strike 0-1: Foul Ball, location: 2F 0-2: Foul Ball, location: 2F 0-2: Strikes out swinging
|
| Bottom of the 5th over - 0 runs, 1 hit, 0 errors, 3 left on base; Detroit 5 - Brockton 0 |
| TOP OF THE 6TH |
|
Detroit Red Wings batting - Pitching for Brockton Rox : RHP Chris Zubia
|
|
Batting: RHB Carlos Avila
|
0-0: Ball 1-0: Swinging Strike 1-1: Called Strike 1-2: Ball 2-2: Ground out 2-3 (Groundball, 2L, EV 68.1 MPH)
|
|
Batting: RHB Mike Dyck
|
0-0: Ball 1-0: Called Strike 1-1: Ball 2-1: Ball 3-1: Base on Balls
|
|
Batting: RHB Tim Spence
|
0-0: Ball 1-0: Foul Ball, location: 2F 1-1: Ball 2-1: 2-RUN HOME RUN (Flyball, 7D, EV 104.4 MPH), Distance : 395 ft
|
|
Pitching: LHP Brad Victor
|
|
|
Batting: LHB Manny Rangel
|
0-0: Ball 1-0: Called Strike 1-1: Ball 2-1: Foul Ball, location: 2F 2-2: Hit by Pitch
|
|
Batting: RHB Ian Johnson
|
0-0: Ball 1-0: Swinging Strike 1-1: Called Strike 1-2: Foul Ball, location: 2F 1-2: Foul Ball, location: 2F 1-2: Ball 2-2: Ball 3-2: Strikes out swinging
|
|
Batting: RHB Mark Massey
|
0-0: Called Strike 0-1: SINGLE (Line Drive, 89S, EV 98.1 MPH) Manny Rangel to second Throwing error, E8 Manny Rangel scores Mark Massey to second
|
|
Batting: RHB Alejandro Tovar
|
0-0: Swinging Strike 0-1: Ball 1-1: Ball 2-1: Called Strike 2-2: Strikes out swinging
|
| Top of the 6th over - 3 runs, 2 hits, 1 error, 1 left on base; Detroit 8 - Brockton 0 |
| BOTTOM OF THE 6TH |
|
Brockton Rox batting - Pitching for Detroit Red Wings : LHP Ricky Herrera
|
|
Batting: SHB Mel Gonzalez
|
0-0: Called Strike 0-1: Ball 1-1: Ball 2-1: Ball 3-1: Base on Balls
|
|
Batting: LHB Joe Martens
|
0-0: Ball 1-0: Foul Ball, location: 2F 1-1: Ball 2-1: Ball 3-1: Base on Balls Mel Gonzalez to second
|
|
Batting: SHB Zach Clark
|
0-0: Called Strike 0-1: Ball 1-1: Ball 2-1: Foul Ball, location: 2F 2-2: Reached via error on a dropped throw from SS, E4 (Groundball, 6, EV 87.5 MPH) Mel Gonzalez to third Joe Martens to second
|
|
Batting: RHB Chris Zubia
|
0-0: Foul Ball, location: 2F 0-1: Ball 1-1: Fly out, F9 (Flyball, 9, EV 85.0 MPH)
|
|
Batting: LHB Alexis Toxqui
|
0-0: Called Strike 0-1: Foul Ball, location: 2F 0-2: Ball 1-2: Ball 2-2: Foul Ball, location: 2F 2-2: Strikes out looking
|
|
Batting: LHB Darby Starburster
|
0-0: Called Strike 0-1: Called Strike 0-2: Ball 1-2: Ball 2-2: Strikes out swinging
|
| Bottom of the 6th over - 0 runs, 0 hits, 1 error, 3 left on base; Detroit 8 - Brockton 0 |
| TOP OF THE 7TH |
|
Detroit Red Wings batting - Pitching for Brockton Rox : LHP Brad Victor
|
|
Batting: LHB Duda Pinho
|
0-0: SINGLE (Flyball, 8RS, EV 99.4 MPH)
|
|
Batting: RHB Felipe Torres
|
0-0: Foul Ball, location: 2F 0-1: SINGLE (Line Drive, 78S, EV 102.5 MPH) Duda Pinho to second
|
|
Pinch Hitting: SHB Bill Casal
|
0-0: Ball 1-0: Ball 2-0: Foul Ball, location: 2F 2-1: Swinging Strike 2-2: Ball 3-2: Strikes out swinging
|
|
Batting: RHB Mike Dyck
|
0-0: Called Strike 0-1: Fly out, F7 (Line Drive, 7LM, EV 90.0 MPH)
|
|
Batting: RHB Tim Spence
|
0-0: Ball 1-0: Ball 2-0: Called Strike 2-1: Called Strike 2-2: Strikes out swinging
|
| Top of the 7th over - 0 runs, 2 hits, 0 errors, 2 left on base; Detroit 8 - Brockton 0 |
| BOTTOM OF THE 7TH |
|
Brockton Rox batting - Pitching for Detroit Red Wings : LHP Ricky Herrera
|
|
Now at SS: Bill Casal
|
|
|
Batting: RHB Jose Blocker
|
0-0: Called Strike 0-1: Hit by Pitch
|
|
Batting: RHB Matt Walker
|
0-0: Foul Ball, location: 2F 0-1: Ball 1-1: Ball 2-1: Foul Ball, location: 2F 2-2: Ball 3-2: 2-RUN HOME RUN (Flyball, 78XD, EV 105.6 MPH), Distance : 442 ft
|
|
Pitching: RHP Leon Benitez
|
|
|
Batting: LHB Isaiah Spitzbarth
|
0-0: Ball 1-0: Ball 2-0: Called Strike 2-1: Fly out, F9 (Flyball, 89M, EV 95.0 MPH)
|
|
Batting: SHB Mel Gonzalez
|
0-0: Called Strike 0-1: Foul Ball, location: 2F 0-2: Foul Ball, location: 2F 0-2: Ball 1-2: Strikes out swinging
|
|
Batting: LHB Joe Martens
|
0-0: Foul Ball, location: 2F 0-1: Called Strike 0-2: Ball 1-2: Foul Ball, location: 2F 1-2: Ball 2-2: Foul Ball, location: 2F 2-2: Foul Ball, location: 2F 2-2: Foul Ball, location: 2F 2-2: Strikes out swinging
|
| Bottom of the 7th over - 2 runs, 1 hit, 0 errors, 0 left on base; Detroit 8 - Brockton 2 |
| TOP OF THE 8TH |
|
Detroit Red Wings batting - Pitching for Brockton Rox : LHP Brad Victor
|
|
Batting: LHB Manny Rangel
|
0-0: Foul Ball, location: 2F 0-1: Called Strike 0-2: Ball 1-2: Ball 2-2: Strikes out swinging
|
|
Batting: RHB Ian Johnson
|
0-0: Called Strike 0-1: Foul Ball, location: 2F 0-2: Foul Ball, location: 2F 0-2: Ball 1-2: Ground out 5-3 (Groundball, 56, EV 83.1 MPH)
|
|
Batting: RHB Mark Massey
|
0-0: Ball 1-0: Foul Ball, location: 2F 1-1: Ball 2-1: Swinging Strike 2-2: Strikes out swinging wild pitch, reaches first!
|
|
Batting: RHB Alejandro Tovar
|
0-0: Ball 1-0: Called Strike 1-1: Foul Ball, location: 2F 1-2: Ball 2-2: Fly out, F8 (Flyball, 8LM, EV 91.9 MPH)
|
| Top of the 8th over - 0 runs, 0 hits, 0 errors, 1 left on base; Detroit 8 - Brockton 2 |
| BOTTOM OF THE 8TH |
|
Brockton Rox batting - Pitching for Detroit Red Wings : RHP Leon Benitez
|
|
Batting: SHB Zach Clark
|
0-0: Swinging Strike 0-1: Called Strike 0-2: Ball 1-2: Strikes out looking
|
|
Batting: RHB Chris Zubia
|
0-0: Swinging Strike 0-1: Ball 1-1: Foul Ball, location: 2F 1-2: Ball 2-2: Strikes out looking
|
|
Batting: LHB Alexis Toxqui
|
0-0: Foul Ball, location: 2F 0-1: Ball 1-1: Foul Ball, location: 2F 1-2: Foul Ball, location: 2F 1-2: Strikes out swinging
|
| Bottom of the 8th over - 0 runs, 0 hits, 0 errors, 0 left on base; Detroit 8 - Brockton 2 |
| TOP OF THE 9TH |
|
Detroit Red Wings batting - Pitching for Brockton Rox : LHP Brad Victor
|
|
Batting: LHB Duda Pinho
|
0-0: Swinging Strike 0-1: Swinging Strike 0-2: Strikes out swinging, 2-3 out at first.
|
|
Pitching: RHP Nico Welling
|
|
|
Batting: RHB Felipe Torres
|
0-0: Fly out, F9 (Flyball, 9, EV 83.8 MPH)
|
|
Batting: SHB Bill Casal
|
0-0: Foul Ball, location: 2F 0-1: Called Strike 0-2: Foul Ball, location: 2F 0-2: SOLO HOME RUN (Flyball, 9LD, EV 95.0 MPH), Distance : 363 ft
|
|
Batting: RHB Mike Dyck
|
0-0: Swinging Strike 0-1: Swinging Strike 0-2: Foul Ball, location: 2F 0-2: Ball 1-2: Ball 2-2: Strikes out swinging
|
| Top of the 9th over - 1 run, 1 hit, 0 errors, 0 left on base; Detroit 9 - Brockton 2 |
| BOTTOM OF THE 9TH |
|
Brockton Rox batting - Pitching for Detroit Red Wings : RHP Leon Benitez
|
|
Pinch Hitting: RHB Kyle Franken
|
0-0: Called Strike 0-1: Ball 1-1: Called Strike 1-2: Foul Ball, location: 2F 1-2: Strikes out swinging
|
|
Batting: RHB Jose Blocker
|
0-0: Called Strike 0-1: Foul Ball, location: 2F 0-2: Foul Ball, location: 2F 0-2: Ball 1-2: Strikes out looking
|
|
Pinch Hitting: RHB Eric Morrison
|
0-0: Foul Ball, location: 2F 0-1: Fly out, F7 (Flyball, 7LMF, EV 92.5 MPH)
|
| Bottom of the 9th over - 0 runs, 0 hits, 0 errors, 0 left on base; Detroit 9 - Brockton 2 |
|